 Dungeon Crawl Stone Soup version 0.25-a0-292-gaa31f046c4 (webtiles) character file.

Game seed: 14923828045919321487, levelgen mode: deterministic

1249 MoonlitKnight the Cleaver (level 8, -2/71 HPs)
             Began as a Hill Orc Fighter on Dec 15, 2019.
             Was a Believer of Beogh.
             Slain by a killer bee (7 damage)
             ... on level 6 of the Dungeon.
             The game lasted 00:12:47 (6880 turns).

MoonlitKnight the Cleaver (Hill Orc Fighter)        Turns: 6880, Time: 00:12:48

Health: -2/71      AC: 13    Str: 21    XL:     8   Next: 50%
Magic:  17/17      EV:  4    Int:  8    God:    Beogh [**....]
Gold:   386        SH: 10    Dex: 10    Spells: 7/7 levels left

rFire    . . .     SeeInvis .   a - +0 war axe
rCold    . . .     Gourm    .   c - +0 shield
rNeg     . . .     Faith    .   e - +0 plate armour
rPois    +         Spirit   .   r - +0 helmet
rElec    .         Reflect  .   b - scarf {repulsion}
rCorr    .         Harm     .   (no gloves)
MR       .....                  (no boots)
Stlth    ..........             (no amulet)
HPRegen  0.21/turn              k - ring of magical power
MPRegen  0.15/turn              i - ring of poison resistance

@: repel missiles
A: no striking features
a: Smiting, Renounce Religion


You were on level 6 of the Dungeon.
You worshipped Beogh.
Beogh was pleased with you.
You were not hungry.

You visited 1 branch of the dungeon, and saw 7 of its levels.

You collected 386 gold pieces.

Inventory:

Hand Weapons
 a - a +0 war axe (weapon)
 v - a +2 flail of venom
Missiles
 l - 7 poisoned darts (quivered)
 t - 2 datura-tipped darts
 u - 7 curare-tipped darts
Armour
 b - a scarf of repulsion (worn)
 c - a +0 shield (worn)
 e - a +0 plate armour (worn)
 r - a +0 helmet (worn)
Jewellery
 i - a ring of poison resistance (right hand)
 k - a ring of magical power (left hand)
Wands
 x - a wand of digging (6)
Scrolls
 g - a scroll of magic mapping
 j - 2 scrolls of enchant weapon {unknown}
 n - 3 scrolls of teleportation {unknown}
 o - a scroll of fog {unknown}
 q - a scroll of remove curse
 s - a scroll of enchant armour {unknown}
 w - a scroll of amnesia
 y - a scroll of fear {unknown}
Potions
 d - 4 potions of might
 h - 5 potions of curing
 m - a potion of brilliance
 p - a potion of haste
 z - a potion of berserk rage
Comestibles
 f - 14 rations


   Skills:
 + Level 6.4 Fighting
 * Level 8.7 Axes
 + Level 5.8 Armour
 + Level 5.8 Shields


You had 7 spell levels left.
You didn't know any spells.
Your spell library contained the following spells:

 Spells                   Type           Power        Failure   Level  Hunger
 Magic Dart               Conj           #...         100%        1    ##.....
 Searing Ray              Conj           #.....       100%        2    ###....
 Dazzling Flash           Conj/Hex       #.....       100%        3    ####...
 Fulminant Prism          Conj/Hex       #.........   100%        4    #####..
 Iskenderun's Mystic Bla  Conj/Tloc      #.......     100%        4    #####..
 Bolt of Magma            Conj/Fire/Erth #.........   100%        5    ######.
 Iskenderun's Battlesphe  Conj/Chrm      #.......     100%        5    ######.
 Iron Shot                Conj/Erth      #.........   100%        6    #######
 Orb of Destruction       Conj           #.........   100%        7    #######
 Spellforged Servitor     Conj/Summ      #.........   100%        7    #######


Dungeon Overview and Level Annotations

Branches:
Dungeon (7/15)             Temple (0/1) D:6

Altars:
Ashenzari
Elyvilon
Ru
Sif Muna
Uskayaw
Zin

Shops:
D:5 (

Annotations:
D:3 2 transporters, scimitardk's ghost, amateur GrFi


Message History

You block the killer bee's attack. The killer bee stings you.
* * * LOW HITPOINT WARNING * * *
You miss the killer bee.
The killer bee is almost dead.
The killer bee barely misses you. You block the killer bee's attack.
The killer bee stings you but does no damage.
You closely miss the killer bee.
The killer bee is almost dead.
The killer bee stings you but does no damage.
You block the killer bee's attack.
You completely miss the killer bee.
The killer bee is severely wounded.
The killer bee stings you.
* * * LOW HITPOINT WARNING * * *
The killer bee stings you but does no damage.
You miss the killer bee.
The killer bee is severely wounded.
The killer bee stings you but does no damage. x2
The killer bee stings you!
You die...

###########....######..##.##..#..
....................#..##.#######
....................'............
....................#............
....................#............
....................#........)...
.##.................########..##.
.##..############)##.....###))##.
.....# #@..#.....#....... .....#
#y..'............. .....#
########.......##+### .##..#
#...)...#######.....# .##.##
#.......# #.....' ....# #.......#
#.....# .#### #.......# #.....#
.# ####.......# #.....# .#
#......##### #####..


You could see a killer bee.

Vanquished Creatures
  A water moccasin (D:6)
  2 phantoms
  An ogre (D:6)
  A wyvern zombie (D:6)
  A scorpion (D:6)
  A howler monkey (D:5)
  An orc priest (D:5)
  2 hounds (D:4)
  Jessica (D:2)
  3 orc wizards
  An iguana (D:4)
  5 worker ants
  A hound zombie (D:5)
  A howler monkey zombie (D:5)
  12 gnolls
  9 adders
  A howler monkey skeleton (D:4)
  An ooze (D:2)
  An adder skeleton (D:6)
  5 worms
  2 dart slugs
  A leopard gecko (D:2)
  28 orcs
  8 bats
  5 giant cockroaches
  5 goblins
  4 hobgoblins
  16 jackals
  2 quokkas
  2 ball pythons
  10 frilled lizards
  6 kobolds
  A leopard gecko skeleton (D:5)
  A quokka skeleton (D:4)
  5 rats
147 creatures vanquished.

Vanquished Creatures (others)
  A leopard gecko (D:3)
  An orc (D:3)
  A quokka (D:3)
  A frilled lizard (D:3)
4 creatures vanquished.

Grand Total: 151 creatures vanquished

Notes
Turn   | Place    | Note
-------+----------+-------------------------------------------
     0 | D:1      | MoonlitKnight the Hill Orc Fighter began the quest for the
                  | Orb.
     0 | D:1      | Reached XP level 1. HP: 19/19 MP: 1/1
   107 | D:1      | Reached skill level 3 in Axes
   263 | D:1      | Reached XP level 2. HP: 27/27 MP: 2/2
   743 | D:2      | Reached XP level 3. HP: 9/33 MP: 3/3
  1070 | D:2      | Noticed Jessica
  1086 | D:2      | Killed Jessica
  1086 | D:2      | Reached skill level 4 in Axes
  1086 | D:2      | Reached XP level 4. HP: 22/40 MP: 4/4
  1238 | D:2      | You fall into a shaft and drop 1 floor!
  1292 | D:3      | Became a worshipper of Beogh the Brigand
  2093 | D:3      | Reached XP level 5. HP: 47/47 MP: 5/5
  2232 | D:3      | Found a transporter.
  2233 | D:3      | Noticed scimitardk's ghost (amateur GrFi)
  2350 | D:3      | Reached skill level 5 in Axes
  2538 | D:3      | Found a transporter.
  3206 | D:4      | Reached * piety under Beogh
  3206 | D:4      | Reached XP level 6. HP: 42/53 MP: 6/6
  3232 | D:4      | Noticed a phantom
  3270 | D:4      | Killed a phantom
  3270 | D:4      | Reached skill level 5 in Fighting
  3270 | D:4      | Reached skill level 6 in Axes
  3761 | D:4      | Reached XP level 7. HP: 59/61 MP: 7/7
  4293 | D:5      | Entered Level 5 of the Dungeon
  4322 | D:5      | Found Ruputyp's Antique Weapon Shop.
  4358 | D:5      | Reached skill level 7 in Axes
  4364 | D:5      | Reached ** piety under Beogh
  4364 | D:5      | Reached skill level 5 in Shields
  4547 | D:5      | Found a white marble altar of Elyvilon.
  4570 | D:5      | Reached skill level 5 in Armour
  5617 | D:6      | Reached XP level 8. HP: 44/70 MP: 8/8
  5949 | D:6      | Found a glowing silver altar of Zin.
  5955 | D:6      | Found a shattered altar of Ashenzari.
  5976 | D:6      | Found a sacrificial altar of Ru.
  5977 | D:6      | Found a hide-covered altar of Uskayaw.
  6115 | D:6      | Found a staircase to the Ecumenical Temple.
  6167 | D:6      | Found a shimmering blue altar of Sif Muna.
  6200 | D:6      | Reached skill level 8 in Axes
  6880 | D:6      | Slain by a killer bee

Levels and vault maps discovered:
D:1:      psy_arrival_basics, layout_basic, minmay_misc_feat_enclosed
D:2:      layout_rooms, first_ration, uniq_jessica
D:3:      layout_loops_ring, gammafunk_ghost_stat_death, hangedman_decor_points
D:4:      layout_basic, st_stairs_8
D:5:      layout_cave_pools, serial_glass, glass_columns_a, glass_columns_a,
          glass_columns_b, glass_columns_b, glass_columns_a, glass_columns_b,
          glass_columns_a, glass_columns_b, feat_on_display,
          due_unseen_surprise, basic_altar, serial_shops, shop,
          saegor_snake_ambush
D:6:      layout_gridville, led_sif_pool,
          chequers_temple_overflow_statue_of_worship,
          minmay_temple_entry_stoned_glass
D:7:      layout_cave_pools, enter_ossuary_2, uniq_duvessa

Skill      XL: |  1  2  3  4  5  6  7  8 |
---------------+-------------------------+-----
Axes           | 3 4 5 6 7 8 |  8.7
Fighting       | 4 5 6 |  6.4
Shields        | 4 5 |  5.8
Armour         | 4 5 |  5.8

Action                   |  1- 3 |  4- 6 |  7- 9 || total
-------------------------+-------+-------+-------++-------
Melee: War axe           |    83 |   271 |   292 ||   646
Throw: Dart              |       |       |     1 ||     1
Invok: Convert to Beogh  |       |     1 |       ||     1
  Use: Scroll            |       |       |     8 ||     8
       Potion            |       |       |     2 ||     2
  Eat: Chunk             |     1 |     9 |     9 ||    19
       Ration            |       |       |     1 ||     1
Armor: Plate armour      |    69 |   168 |   207 ||   444
       Scale mail        |     1 |       |       ||     1
Dodge: Dodged            |    21 |    39 |    43 ||   103
       Deflected         |     1 |     1 |     1 ||     3
Block: Shield            |    41 |   127 |   179 ||   347

Table legend:
 A = Non-vault XP
 B = Vault XP
 C = Vault XP percentage of total XP
 D = Non-vault monster count
 E = Vault monster count
 F = Vault count percentage of total count
                 A         B        C        D         E       F
            +---------+---------+-------+---------+---------+-------
      Total |    1744 |      41 |   2.3 |     144 |       3 |   2.0
            +---------+---------+-------+---------+---------+-------
        D:1 |      22 |       0 |   0.0 |      14 |       0 |   0.0
        D:2 |      70 |      37 |  34.6 |      19 |       1 |   5.0
        D:3 |     133 |       0 |   0.0 |      28 |       0 |   0.0
        D:4 |     512 |       2 |   0.4 |      30 |       1 |   3.2
        D:5 |     358 |       2 |   0.6 |      39 |       1 |   2.5
        D:6 |     649 |       0 |   0.0 |      14 |       0 |   0.0
            +---------+---------+-------+---------+---------+-------
